[Event "Late-Titled-Tuesday-Blitz-May-14-2024"]
[Site "Chess.com"]
[Date "2024.05.14"]
[Round "7"]
[White "Dexter_Dyke"]
[Black "MeisterJabo"]
[Result "1-0"]
[WhiteElo "2601"]
[BlackElo "2477"]
[TimeControl "180+1"]
[EndTime "15:15:16 PDT"]
[Termination "Dexter_Dyke won by checkmate"]

1. e4 e5 2. f4 exf4 3. Nf3 Nf6 4.
e5 Nh5 5. Be2 d6 6. d4 Nc6 7. exd6 Bxd6 8. O-O O-O 9. c4 Bg4 10. d5 Bc5+ 11. Kh1 Ne7 12. Nc3 a5 13. Ng5 Nf5 14. Nce4 Bxe2 15. Qxe2 g6 16. Bxf4 Be7 17.
Qd2 Nxf4 18. Qxf4 Bd6 19. Qg4 h6 20. Rxf5 gxf5 21. Qxf5 hxg5 22. Nf6+ Kg7 23. Qxg5+ Kh8 24. Qh6# 1-0

[Event "Late-Titled-Tuesday-Blitz-May-14-2024"]
[Site "Chess.com"]
[Date "2024.05.14"]
[Round "7"]
[White "Slovineanu"]
[Black "Fjal"]
[Result "1-0"]
[WhiteElo "2467"]
[BlackElo "2344"]
[TimeControl "180+1"]
[EndTime "15:15:17 PDT"]
[Termination "Slovineanu won by resignation"]

1. d4 d6 2. e4 g6 3. Nc3 Bg7 4. Be3 c6 5. Qd2 Qa5 6. Nf3 b5 7. Bd3 Bg4 8. O-O Bxf3 9. gxf3 Nd7 10. a4 b4 11. Ne2 Rb8 12. f4 Ngf6 13. Ng3 Ng4 14. f5 c5 15. Bc4 cxd4 16. Bxd4 Nde5 17. Be2 h5 18. f4 h4 19. fxe5 hxg3 20. Bxg4 Rxh2 21.
Qe3 Rc8 22. c3 dxe5 23. cxb4 exd4 24. Qxg3 Qe5 25. Kxh2 Rc2+ 26. Kh3 1-0

[Event "Late-Titled-Tuesday-Blitz-May-14-2024"]
[Site "Chess.com"]
[Date "2024.05.14"]
[Round "7"]
[White "bobo_panda"]
[Black "xasid81"]
[Result "0-1"]
[WhiteElo "2434"]
[BlackElo "2622"]
[TimeControl "180+1"]
[EndTime "15:15:24 PDT"]
[Termination "xasid81 won by checkmate"]

1. e4 e5 2. Nf3 Nc6 3. Bb5 Nf6 4.
O-O Nxe4 5. Re1 Nd6 6. Nxe5 Nxe5 7. Rxe5+ Be7 8. Bf1 O-O 9. d4 Ne8 10. d5 d6 11. Re1 Bg5 12. Nd2 g6 13. Ne4 Bxc1 14.
Qxc1 f5 15. Ng5 Nf6 16. c4 Re8 17. Rxe8+ Qxe8 18. Qc3 Qe5 19. Qxe5 dxe5 20. Re1 e4 21. f3 exf3 22. Nxf3 Bd7 23. Bd3 Kf8 24. Kf2 a5 25. Kg3 Re8 26. Rxe8+ Kxe8 27. Kf4 Ke7 28. Ke5 Ng4+ 29.
Kd4 b6 30. h3 Nf6 31. b3 c5+ 32.
Ke5 Ne8 33. Ng5 h6 34. Nf3 Nd6 35. Nh4 Nf7+ 36. Kf4 g5+ 37. Kg3 gxh4+ 38. Kxh4 Kf6 39.
Kh5 a4 40. Bc2 a3 41. Bb1 b5 42. Bc2 b4 43. Bb1 Be8 44. Bc2 Bd7 45. Bb1 f4 46. Bg6 Bf5 47. Bxf5 Kxf5 48. h4 Kf6 49. Kg4 Ke5 50. Kh5 Kf5 51. g4+ Kf6 52. g5+ hxg5 53. hxg5+ Nxg5 54. d6 f3 55. d7 Nf7 56. d8=Q+ Nxd8 57. Kg4 f2 58. Kg3 f1=Q 59. Kh2 Qxc4 60. Kg3 Qxb3+ 61.
Kh4 Qxa2 62. Kh5 Qd5+ 63. Kh4 c4 64. Kg3 b3 65. Kh3 c3 66. Kg3 a2 67. Kh3 b2 68.
Kh4 c2 69. Kg4 a1=Q 70. Kh4 b1=Q 71. Kg4 c1=Q 72. Kh4 Qf4+ 73. Kh3 Qa3# 0-1

[Event "Late-Titled-Tuesday-Blitz-May-14-2024"]
[Site "Chess.com"]
[Date "2024.05.14"]
[Round "7"]
[White "banane_verte"]
[Black "KorolDimitriy75"]
[Result "0-1"]
[WhiteElo "2525"]
[BlackElo "2414"]
[TimeControl "180+1"]
[EndTime "15:15:25 PDT"]
[Termination "KorolDimitriy75 won by checkmate"]

1. Nf3 c5 2. e4 d6 3. d4 cxd4 4. Qxd4 a6 5. Nc3 Nc6 6. Qd1 g6 7. Bg5 Bg7 8. Qd2 Nf6 9. O-O-O O-O 10. e5 dxe5 11. Qxd8 Rxd8 12. Rxd8+ Nxd8 13. Nxe5 Be6 14. Bc4 Bxc4 15. Nxc4 Ne6 16. Be3 Ng4 17. Nb6 Rd8 18.
Nbd5 Nxe3 19. Nxe3 Bxc3 20. bxc3 Kf8 21. Rd1 Rxd1+ 22.
Kxd1 Ke8 23. Kd2 Nc5 24. c4 Ne4+ 25. Ke1 Kd7 26. f3 Nc3 27. a3 Kc6 28. h4 Kc5 29. g4 Kd4 30. Kd2 Nb1+ 31. Ke2 Nxa3 32. g5 Nxc4 33. Ng4 a5 34. h5 gxh5 35. Nh6 h4 36.
Nxf7 h3 37. Kf2 a4 38. Nd8 a3 39. Ne6+ Kc3 40. Nc5 a2 41. Nb3 Kxc2 42. Nd4+ Kb2 43.
Nb3 a1=Q 44. Nxa1 Kxa1 45. f4 Kb2 46. f5 Kc3 47. g6 hxg6 48. fxg6 Nd6 49. Kf3 Ne8 50.
Kg3 Kd4 51. g7 Nxg7 52. Kxh3 b5 53. Kg4 b4 54. Kg5 b3 55. Kg6 b2 56. Kf7 b1=Q 57. Kg8 Qe4 58. Kh8 e5 59. Kg8 Qf4 60. Kh8 e4 61. Kg8 e3 62. Kh8 e2 63. Kg8 e1=Q 64. Kh8 Qe8+ 65. Kh7 Qf5+ 66. Kh6 Qeg6# 0-1

[Event "Late-Titled-Tuesday-Blitz-May-14-2024"]
[Site "Chess.com"]
[Date "2024.05.14"]
[Round "7"]
[White "DonPreuss"]
[Black "The_Straightforward_Rook"]
[Result "0-1"]
[WhiteElo "2210"]
[BlackElo "2488"]
[TimeControl "180+1"]
[EndTime "15:15:31 PDT"]
[Termination "The_Straightforward_Rook won on time"]

1. d4 d5 2. e4 e6 3. Nc3 Nf6 4.
exd5 exd5 5. Bd3 c5 6. dxc5 Bxc5 7. Bg5 O-O 8. Qd2 h6 9. Bxf6 Qxf6 10. Nxd5 Qxb2 11. Rd1 Be6 12. Qc3 Qxc3+ 13. Nxc3 Bb4 14. Ne2 Rc8 15. Kd2 Nd7 16. Rb1 a5 17. a3 Bxa3 18. Rxb7 Nc5 19. Rbb1 Bb4 20. Ke3 Nxd3 21. Kxd3 Bf5+ 22.
Ne4 Bxe4+ 23. Kxe4 Rxc2 24. Kf3 Rd8 25. Rhd1 Rxd1 26.
Rxd1 a4 27. Rd4 Rb2 28. Nf4 a3 29. Nd3 a2 30. Nxb2 a1=Q 31. Rxb4 Qa3+ 32. Nd3 Qxd3+ 0-1

[Event "Late-Titled-Tuesday-Blitz-May-14-2024"]
[Site "Chess.com"]
[Date "2024.05.14"]
[Round "7"]
[White "rasmussvane"]
[Black "temus_galaktionov"]
[Result "1/2-1/2"]
[WhiteElo "2971"]
[BlackElo "2863"]
[TimeControl "180+1"]
[EndTime "15:15:32 PDT"]
[Termination "Game drawn by repetition"]

1. Nf3 c6 2. g3 g6 3. Bg2 Bg7 4. O-O Nf6 5. c4 O-O 6. d4 d6 7. Nc3 Nbd7 8. e4 e5 9. Be3 a5 10. h3 Re8 11. Qc2 exd4 12. Nxd4 Nc5 13. Rad1 Qe7 14.
Rfe1 Nfd7 15. b3 Nb6 16. f4 h5 17. Bf2 Qf8 18. Nde2 Nbd7 19. Rd2 Nf6 20. Red1 Qe7 21. Bxc5 dxc5 22. e5 Nh7 23. Ne4 Bf5 24. Qc3 f6 25.
Nd6 Red8 26. Nxf5 gxf5 27. Rxd8+ Rxd8 28. Rxd8+ Qxd8 29. e6 Nf8 30. Qc2 Nxe6 31. Qxf5 Qd1+ 32. Bf1 Nd4 33. Qxh5 f5 34. Qe8+ Kh7 35. Kg2 Qc2 36.
Qh5+ Kg8 37. Qe8+ Kh7 38. a4 Nxb3 39. Qh5+ Kg8 40. Qe8+ Kh7 41. Qh5+ Kg8 42. Qe8+ Kh7 1/2-1/2

[Event "Late-Titled-Tuesday-Blitz-May-14-2024"]
[Site "Chess.com"]
[Date "2024.05.14"]
[Round "7"]
[White "Stanbad1"]
[Black "Licancabur"]
[Result "1-0"]
[WhiteElo "2614"]
[BlackElo "2490"]
[TimeControl "180+1"]
[EndTime "15:15:32 PDT"]
[Termination "Stanbad1 won on time"]

1. d4 d5 2. c4 dxc4 3. e3 e5 4. Bxc4 exd4 5. exd4 Bd6 6. Nf3 Nf6 7. O-O O-O 8. Nc3 Nc6 9. h3 h6 10. Re1 a6 11. a3 Bf5 12. Be3 Qd7 13. b4 Rad8 14. Qb3 b5 15. Bf1 Be6 16. Qc2 Nd5 17.
Ne4 Nxe3 18. fxe3 Ne7 19. Rac1 Nd5 20. Nc5 Bxc5 21. Qxc5 Qd6 22. e4 Nb6 23. d5 Bc8 24.
Qxc7 Qxc7 25. Rxc7 Rd7 26. Rec1 Rxc7 27. Rxc7 Na4 28.
Nd4 Re8 29. Nc6 Nc3 30. Ne7+ Kf8 31. Nxc8 Nxe4 32. d6 Nd2 33. Nb6 Rd8 34. Rc8 Ke8 35. Rxd8+ Kxd8 36. Bd3 g6 37. Kf2 Nb3 38. Be4 Nd4 39.
Bb7 Nf5 40. Bxa6 Nxd6 41. Nd5 Kd7 42. Nc3 Kc6 43. a4 bxa4 44. Nxa4 Kd5 45. Bd3 f5 46.
Ke3 g5 47. Nc3+ 1-0

[Event "Late-Titled-Tuesday-Blitz-May-14-2024"]
[Site "Chess.com"]
[Date "2024.05.14"]
[Round "7"]
[White "ozates"]
[Black "RespectfulDaveOnYouTube"]
[Result "1-0"]
[WhiteElo "2652"]
[BlackElo "2516"]
[TimeControl "180+1"]
[EndTime "15:15:33 PDT"]
[Termination "ozates won by checkmate"]

1. e4 c6 2. d4 d5 3. exd5 c5 4. c4 e6 5. dxe6 cxd4 6. exf7+ Kxf7 7. Nf3 Bb4+ 8. Bd2 Be7 9. Ne5+ Kf8 10. Bd3 Nc6 11.
Nxc6 bxc6 12. O-O Nf6 13. Re1 Bg4 14. Qa4 Qc7 15. Na3 Kf7 16. c5 Rhe8 17. Bc4+ Kf8 18. Bb3 Rad8 19. Ba5 Qd7 20. Bxd8 Rxd8 21. Nc4 Qc7 22. Ne5 Bxc5 23. Qc4 Rd5 24. Nxg4 Nxg4 25.
g3 Qf7 26. Qe2 d3 27. Qxg4 Qxf2+ 28. Kh1 d2 29. Qc8+ Kf7 30. Qe6+ Kf8 31. Qe8# 1-0

[Event "Late-Titled-Tuesday-Blitz-May-14-2024"]
[Site "Chess.com"]
[Date "2024.05.14"]
[Round "7"]
[White "jeetjain"]
[Black "urano56"]
[Result "1-0"]
[WhiteElo "2582"]
[BlackElo "2437"]
[TimeControl "180+1"]
[EndTime "15:15:33 PDT"]
[Termination "jeetjain won on time"]

1. Nf3 Nf6 2. b3 c5 3. Bb2 Nc6 4. e3 e6 5. c4 Be7 6. Nc3 O-O 7.
Be2 d5 8. cxd5 exd5 9. d4 Re8 10.
O-O a6 11. Rc1 b6 12. dxc5 bxc5 13. Na4 Ne4 14. Nd2 Bf6 15. Nxe4 Bxb2 16. Rxc5 Ba3 17. Rxc6 dxe4 18. Qc2 Qg5 19. Kh1 Bd7 20. Rc4 Rac8 21. Nb6 Rxc4 22. Bxc4 Bb5 23. Bxb5 Qxb5 24. Nc4 Bf8 25.
Rd1 f5 26. h3 Rc8 27. Qd2 g6 28. Qd5+ Qxd5 29. Rxd5 Rc6 30. Kg1 Bg7 31. Kf1 Kf7 32.
Rd7+ Kf8 33. Ke2 h5 34. Rd6 Rxd6 35. Nxd6 Ke7 36. Nc4 Kd7 37. Kd2 Kc6 38. Kc2 Kc5 39. a3 Kb5 40. Nd6+ Kc6 41. Nf7 Kd7 42. Ng5 1-0

[Event "Late-Titled-Tuesday-Blitz-May-14-2024"]
[Site "Chess.com"]
[Date "2024.05.14"]
[Round "7"]
[White "picturesquecheck"]
[Black "Byniolus"]
[Result "0-1"]
[WhiteElo "2462"]
[BlackElo "2747"]
[TimeControl "180+1"]
[EndTime "15:15:34 PDT"]
[Termination "Byniolus won by resignation"]

1. Nf3 d6 2. g3 c6 3. Bg2 g6 4. O-O e6 5. d4 f6 6. c4 b6 7.
a4 a6 8. a5 b5 9. Nbd2 h6 10.
Ne1 Ne7 11. Nef3 Bg7 12. Ne1 O-O 13. Nef3 Nd7 14. e4 f5 15. Re1 Nf6 16. e5 dxe5 17. dxe5 Nd7 18. b3 Nc5 19. Qc2 Qd3 20. Qxd3 Nxd3 21.
Re3 Nxc1 22. Rxc1 Rd8 23. Re2 Ra7 24. Nf1 g5 25. h4 g4 26. Ne1 Rad7 27. Rec2 b4 28. f4 gxf3 29. Nxf3 c5 30. Kh2 Nc6 31. Re2 Nxa5 32. Ra1 Nxb3 33. Ra4 Nd4 34. Nxd4 Rxd4 0-1

[Event "Late-Titled-Tuesday-Blitz-May-14-2024"]
[Site "Chess.com"]
[Date "2024.05.14"]
[Round "7"]
[White "rionelG"]
[Black "albayo"]
[Result "0-1"]
[WhiteElo "2304"]
[BlackElo "2407"]
[TimeControl "180+1"]
[EndTime "15:15:36 PDT"]
[Termination "albayo won on time"]

1. e4 c5 2. g3 g6 3. Bg2 Bg7 4. Ne2 e6 5. c3 Nc6 6. d4 cxd4 7. cxd4 d5 8. exd5 exd5 9. Nbc3 Nge7 10. O-O O-O 11. Bg5 Qd6 12. Bxe7 Nxe7 13. Nf4 Be6 14. Re1 Rae8 15. Qb3 Bxd4 16. Rad1 Qb6 17. Qxb6 Bxb6 18. Ncxd5 Bxd5 19. Bxd5 Nxd5 20. Nxd5 Rxe1+ 21. Rxe1 Bd4 22. Re7 Rd8 23. Nf4 Bxb2 24. Rxb7 Rd1+ 25.
Kg2 Bd4 26. Kf3 Rd2 27. Ne2 Bb6 28. a4 Rd3+ 29. Ke4 Ra3 30. f4 Rxa4+ 31. Kf3 Ra3+ 32. Kg4 Kg7 33. f5 h5+ 34. Kg5 Bd8+ 35. Kf4 g5+ 36. Ke4 Bb6 37. h4 Re3+ 0-1

[Event "Late-Titled-Tuesday-Blitz-May-14-2024"]
[Site "Chess.com"]
[Date "2024.05.14"]
[Round "7"]
[White "Mbneu"]
[Black "doublesik"]
[Result "0-1"]
[WhiteElo "2265"]
[BlackElo "2551"]
[TimeControl "180+1"]
[EndTime "15:15:37 PDT"]
[Termination "doublesik won by resignation"]

1. d4 d5 2. c4 e6 3. Nf3 Nf6 4. g3 Bb4+ 5. Bd2 Bd6 6. Bg2 c6 7. Qc2 Nbd7 8. O-O O-O 9. Bc3 Ne4 10. Nbd2 f5 11. Ne1 g5 12. Nd3 Nxd2 13. Bxd2 Qf6 14.
e3 h5 15. f4 g4 16. Ne5 h4 17.
Rf2 Kg7 18. cxd5 cxd5 19. Qa4 Nb6 20. Qb3 Qe7 21. a3 Bd7 22. Bb4 Rac8 23. Rc2 Ba4 0-1

[Event "Late-Titled-Tuesday-Blitz-May-14-2024"]
[Site "Chess.com"]
[Date "2024.05.14"]
[Round "7"]
[White "Kozok"]
[Black "klifus"]
[Result "1/2-1/2"]
[WhiteElo "2297"]
[BlackElo "2142"]
[TimeControl "180+1"]
[EndTime "15:15:37 PDT"]
[Termination "Game drawn by repetition"]

1. e4 c5 2. Nf3 d6 3. d3 Nc6 4.
Nc3 g6 5. Be2 Bg7 6. O-O Nf6 7.
Ne1 O-O 8. f4 Rb8 9. Nf3 b5 10.
Qe1 b4 11. Nd1 Nd4 12. Nxd4 cxd4 13. b3 Qb6 14. Bb2 Bg4 15. Bxg4 Nxg4 16. h3 Ne3 17.
Nxe3 dxe3 18. Bxg7 Kxg7 19. Rf3 Rbc8 20. Qe2 Rc3 21. Rc1 Rfc8 22. f5 Qc5 23. Rxe3 Rxc2 24. Rxc2 Qxc2 25. fxg6 hxg6 26. e5 d5 27. d4 Qxe2 28.
Rxe2 Rc1+ 29. Kf2 Rd1 30. Ke3 g5 31. Rc2 e6 32. Rc7 Rg1 33. Kf2 Rd1 34. Ke3 Rg1 35. Kf2 Rd1 36. Ke3 1/2-1/2

[Event "Late-Titled-Tuesday-Blitz-May-14-2024"]
[Site "Chess.com"]
[Date "2024.05.14"]
[Round "7"]
[White "ViIIagra"]
[Black "dropstoneDP"]
[Result "0-1"]
[WhiteElo "2853"]
[BlackElo "2959"]
[TimeControl "180+1"]
[EndTime "15:15:38 PDT"]
[Termination "dropstoneDP won by resignation"]

1. e4 e5 2. Nf3 Nf6 3. d3 Nc6 4. Be2 d5 5. exd5 Nxd5 6. O-O Bd6 7. Re1 O-O 8. Nbd2 Re8 9. Bf1 Bg4 10. h3 Bh5 11. c3 Qd7 12. Ne4 Bf8 13. Ng3 Bg6 14.
Nh4 Rad8 15. Qf3 a5 16. Bd2 Nf6 17. Nxg6 hxg6 18. Rad1 Qd5 19. Qxd5 Nxd5 20. a4 Nb6 21. b3 f5 22. Be2 Be7 23. Kf1 Bf6 24. Rb1 Nd5 25. Rec1 Nf4 26. Bxf4 exf4 27. Nh1 Ne7 28. d4 Nd5 29. Bc4 Kf8 30. Bxd5 Rxd5 31. Re1 Rxe1+ 32.
Rxe1 c5 33. Rd1 cxd4 34. cxd4 Rxd4 35. Rxd4 Bxd4 36. Ke2 Ke7 37. h4 Kf6 38. Kf3 g5 39. hxg5+ Kxg5 40. g3 Be5 41. Kg2 fxg3 42. fxg3 Bd4 43.
Kf3 b6 0-1

[Event "Late-Titled-Tuesday-Blitz-May-14-2024"]
[Site "Chess.com"]
[Date "2024.05.14"]
[Round "7"]
[White "dennisodessa"]
[Black "VelandiaSaurio"]
[Result "0-1"]
[WhiteElo "2463"]
[BlackElo "2636"]
[TimeControl "180+1"]
[EndTime "15:15:38 PDT"]
[Termination "VelandiaSaurio won by resignation"]

1. d4 d5 2. c4 c6 3. Nf3 Nf6 4. e3 e6 5. Nbd2 Nbd7 6. b3 b6 7.
Bb2 Bb7 8. Bd3 Rc8 9. O-O Be7 10.
Ne5 O-O 11. f4 c5 12. Rc1 cxd4 13. exd4 dxc4 14. bxc4 Re8 15. Bb1 Nf8 16. f5 exf5 17. Bxf5 Rc7 18. Ndf3 Ng6 19. Nxf7 Bxf3 20. Nxd8 Bxd1 21.
Ne6 Rxc4 22. Rxc4 Be2 23. Rc7 Bxf1 24. Kxf1 Nd5 25. Rxa7 Ne3+ 26. Kf2 Nxf5 27. d5 Bf6 28. Bxf6 gxf6 29. Rb7 Nf8 30. Nc7 Rd8 31. Rxb6 Nd7 32.
Ra6 Nc5 33. Rxf6 Ne4+ 0-1

[Event "Late-Titled-Tuesday-Blitz-May-14-2024"]
[Site "Chess.com"]
[Date "2024.05.14"]
[Round "7"]
[White "ansko1999"]
[Black "Seochesspie"]
[Result "1-0"]
[WhiteElo "2642"]
[BlackElo "2824"]
[TimeControl "180+1"]
[EndTime "15:15:39 PDT"]
[Termination "ansko1999 won by resignation"]

1. c4 e6 2. g3 d5 3. Bg2 d4 4.
d3 Ne7 5. e3 Nbc6 6. Ne2 g6 7.
exd4 Bg7 8. Nbc3 Nxd4 9. Nxd4 Bxd4 10. Be3 O-O 11. O-O Nf5 12. Qe2 Nxe3 13. fxe3 Bg7 14. d4 c6 15. Rad1 Qe7 16. e4 Bd7 17. e5 c5 18. Ne4 cxd4 19. Nf6+ Kh8 20. Rxd4 Qc5 21.
Qe3 Bc6 22. Bxc6 bxc6 23. b4 Qxb4 24. Rh4 h5 25. Qg5 Qb6+ 26. Kh1 1-0

[Event "Late-Titled-Tuesday-Blitz-May-14-2024"]
[Site "Chess.com"]
[Date "2024.05.14"]
[Round "7"]
[White "FMOlexandrProhorov"]
[Black "crushernt"]
[Result "1-0"]
[WhiteElo "2309"]
[BlackElo "2079"]
[TimeControl "180+1"]
[EndTime "15:15:39 PDT"]
[Termination "FMOlexandrProhorov won on time"]

1. d4 d5 2. c4 e6 3. Nc3 a6 4. e3 Nf6 5. Nf3 dxc4 6. Bxc4 b5 7. Bb3 Bb7 8. O-O Be7 9. Qe2 Ne4 10. Rd1 Nd7 11. Bc2 Ndf6 12. Ne5 O-O 13. f3 Nxc3 14. bxc3 c5 15. e4 Qc7 16. Be3 Rac8 17. Rac1 Rfd8 18. Bb1 Bd6 19. Nd3 Bxh2+ 20. Kh1 c4 21. Nc5 Bg3 22. Nxb7 Qxb7 23. Bg5 e5 24. Qe3 Qe7 25. f4 exf4 26. Bxf4 Bxf4 27. Qxf4 Re8 28. e5 Nd5 29. Qe4 g6 30. Qxd5 Qh4+ 31. Kg1 Re6 32. Qf3 Rce8 33.
Rf1 1-0

[Event "Late-Titled-Tuesday-Blitz-May-14-2024"]
[Site "Chess.com"]
[Date "2024.05.14"]
[Round "7"]
[White "CarlosjPineror"]
[Black "FredddieCroderg"]
[Result "1-0"]
[WhiteElo "2738"]
[BlackElo "2339"]
[TimeControl "180+1"]
[EndTime "15:15:46 PDT"]
[Termination "CarlosjPineror won by resignation"]

1. e4 c6 2. Nc3 d5 3. Qf3 d4 4. Bc4 e6 5. Nce2 c5 6. d3 Nc6 7. a3 Ne5 8. Bb5+ Bd7 9. Bxd7+ Qxd7 10. Qg3 Nc6 11. f4 Nf6 12. Nf3 Be7 13. O-O O-O 14. Ne5 Qc7 15. Nc4 b5 16. Nd2 Rac8 17. Nf3 c4 18. Bd2 cxd3 19. cxd3 Qb6 20. Rac1 b4 21. a4 b3 22. Rc4 a5 23. Rfc1 Na7 24. Ne5 Rxc4 25.
Nxc4 Qa6 26. Nxd4 Rd8 27. Nxb3 Nc6 28. Nbxa5 Nxa5 29. Bxa5 Bc5+ 30. Kh1 h5 31. Bxd8 Ng4 32. h3 Bf2 33. Qf3 1-0

[Event "Late-Titled-Tuesday-Blitz-May-14-2024"]
[Site "Chess.com"]
[Date "2024.05.14"]
[Round "7"]
[White "ZachHKL"]
[Black "simaopdias"]
[Result "1-0"]
[WhiteElo "2307"]
[BlackElo "2223"]
[TimeControl "180+1"]
[EndTime "15:15:46 PDT"]
[Termination "ZachHKL won by resignation"]

1. c4 e6 2. g3 d5 3. Bg2 Nf6 4.
Nf3 Be7 5. O-O O-O 6. b3 b6 7. Bb2 Bb7 8. d4 Nbd7 9. Nbd2 Ne4 10. Rc1 f5 11. e3 Ndf6 12. Re1 c5 13. dxc5 Nxc5 14.
Qe2 dxc4 15. Nxc4 Qe8 16. Red1 Rd8 17. Nce5 Rxd1+ 18. Rxd1 Qa8 19. Nh4 Nfe4 20. Nhf3 Rc8 21. Nd4 Nc3 22. Bxc3 Bxg2 23. f3 Bh3 24. Bb2 a5 25. a3 Bf6 26. Nc4 Qb8 27. b4 axb4 28. axb4 Na4 29. Ba1 e5 30. Nb5 f4 31. Ncd6 Rd8 32. Qa2+ 1-0

[Event "Late-Titled-Tuesday-Blitz-May-14-2024"]
[Site "Chess.com"]
[Date "2024.05.14"]
[Round "7"]
[White "angelgab3"]
[Black "SujanaLohani"]
[Result "1-0"]
[WhiteElo "2721"]
[BlackElo "2104"]
[TimeControl "180+1"]
[EndTime "15:15:47 PDT"]
[Termination "angelgab3 won by resignation"]

1. e4 c5 2. Nf3 Nc6 3. Bb5 g6 4. O-O Bg7 5. c3 Nf6 6. Re1 O-O 7. d4 d5 8. e5 Ne4 9. Bxc6 bxc6 10. Be3 cxd4 11.
cxd4 Qb6 12. Qc1 a5 13. Nc3 Nxc3 14. bxc3 f6 15. Qa3 Qc7 16. Bf4 Bg4 17. exf6 Qxf4 18.
fxg7 Rf7 19. Ne5 Qxf2+ 20. Kh1 Rf4 21. Nd3 Qd2 22. Nxf4 Qxf4 23. Qxe7 Bf5 24. Rf1 Qd2 25. Rae1 h5 26. Rb1 Kh7 27. g8=Q+ Kxg8 28. Rb7 Qh6 29. Qf7+ Kh8 30. Qf6+ Kg8 31. Rxf5 Rf8 32. Qxf8+ Qxf8 33. Rxf8+ Kxf8 34. Rc7 1-0

[Event "Late-Titled-Tuesday-Blitz-May-14-2024"]
[Site "Chess.com"]
[Date "2024.05.14"]
[Round "7"]
[White "bazar-wokzal"]
[Black "geordie_derraugh"]
[Result "1-0"]
[WhiteElo "2609"]
[BlackElo "2475"]
[TimeControl "180+1"]
[EndTime "15:15:49 PDT"]
[Termination "bazar-wokzal won by resignation"]

1. e4 e5 2. Bc4 Nc6 3. f4 exf4 4.
d4 Qh4+ 5. Kf1 d5 6. Bxd5 Bg4 7. Qd3 Nge7 8. Bxf4 Qf6 9. Qg3 Nxd5 10. exd5 Nxd4 11. Qxg4 Bd6 12. Nh3 g5 13. Nc3 Bxf4 14.
Nxf4 Qxf4+ 15. Qxf4 gxf4 16. Re1+ Kd8 17. Re4 Nxc2 18.
Rxf4 Re8 19. Kf2 Ne3 20. Re1 Nc2 21. Rxe8+ Kxe8 22. Ke2 a5 23. a3 Na1 24. Nb5 Rc8 25.
Nd4 a4 26. Nb5 Nb3 27. Rxa4 Nc5 28. Rc4 b6 29. b4 Nb7 30. Rxc7 Rxc7 31. Nxc7+ Kd7 32.
Nb5 Nd8 33. Ke3 f6 34. Kf4 Nf7 35. Kf5 Ke7 36. d6+ Kd7 37. Kxf6 Nh6 38. h3 Ng8+ 39. Kg7 1-0

[Event "Late-Titled-Tuesday-Blitz-May-14-2024"]
[Site "Chess.com"]
[Date "2024.05.14"]
[Round "7"]
[White "ShahMatKanal"]
[Black "PawnEatingZombie"]
[Result "1-0"]
[WhiteElo "2394"]
[BlackElo "2302"]
[TimeControl "180+1"]
[EndTime "15:15:49 PDT"]
[Termination "ShahMatKanal won by resignation"]

1. e4 c5 2. Bc4 Nc6 3. Qh5 e6 4.
d3 Nf6 5. Qe2 Be7 6. Nf3 d5 7.
Bb3 O-O 8. O-O dxe4 9. dxe4 Na5 10. e5 Nd5 11. Bd2 Nxb3 12. axb3 b6 13. Nc3 Bb7 14.
Rfd1 a6 15. Ne4 h6 16. c4 Qc7 17. cxd5 exd5 18. Ng3 Rfe8 19. Bf4 Qc6 20. Rac1 Rad8 21. b4 Bf8 22. bxc5 bxc5 23. Qc2 Qb5 24. Nf5 d4 25. Nd6 Bxd6 26. exd6 Bxf3 27. gxf3 Qd7 28. Qxc5 Qh3 29. Bg3 Re6 30. Qxd4 Rf6 31. d7 Rxf3 32. Qe4 1-0

[Event "Late-Titled-Tuesday-Blitz-May-14-2024"]
[Site "Chess.com"]
[Date "2024.05.14"]
[Round "7"]
[White "SpeedofLight0"]
[Black "ArtemDyachuk"]
[Result "1-0"]
[WhiteElo "3012"]
[BlackElo "2710"]
[TimeControl "180+1"]
[EndTime "15:15:50 PDT"]
[Termination "SpeedofLight0 won on time"]

1. d4 Nf6 2. Nc3 d5 3. Bf4 g6 4.
Qd2 h6 5. h4 Bg7 6. f3 c5 7. e3 Nc6 8. O-O-O Qa5 9. Kb1 a6 10.
dxc5 Qxc5 11. Nxd5 Nxd5 12. Qxd5 Qa7 13. Bc4 Be6 14.
Qe4 Bf5 15. Bxf7+ Kxf7 16. Qc4+ Be6 17. Qe4 Qb6 18. b3 Qc5 19. Ne2 Bf5 20. Rd5 Bxe4 21.
Rxc5 Bf5 22. h5 Rac8 23. e4 Be6 24. hxg6+ Kxg6 25. Be3 Kf7 26. Nf4 Nd4 27. Rxc8 Bxc8 28. Nh5 Nc6 29. Nxg7 Kxg7 30. Bd2 e5 31. Kc1 Rf8 32.
Bxh6+ 1-0

[Event "Late-Titled-Tuesday-Blitz-May-14-2024"]
[Site "Chess.com"]
[Date "2024.05.14"]
[Round "7"]
[White "Hakiki_satranc"]
[Black "NCchamp"]
[Result "1-0"]
[WhiteElo "2424"]
[BlackElo "2307"]
[TimeControl "180+1"]
[EndTime "15:15:50 PDT"]
[Termination "Hakiki_satranc won by resignation"]

1. d4 d5 2. c4 dxc4 3. Nf3 a6 4. e4 b5 5. a4 Bb7 6. Qc2 Nf6 7. e5 Be4 8. Qd1 Nd5 9. Nbd2 Bg6 10. e6 fxe6 11. Ne5 Nd7 12. Nxg6 hxg6 13. Qg4 N7f6 14. Qxg6+ Kd7 15.
Nf3 c6 16. Ne5+ Kc7 17. Be2 Qe8 18. Qg3 g5 19. axb5 Ne4 20. Qf3 Nd6 21. bxc6 Bg7 22. Bd2 Bxe5 23. dxe5 Nb5 24. Bxc4 Rf8 25. Qe4 Kxc6 26.
O-O Rf4 27. Bxf4 gxf4 28. Rfc1 Kb6 29. Bxd5 exd5 30. Qxd5 Rc8 31. Qe6+ Rc6 32. Rxc6+ Qxc6 33. Rxa6+ Kxa6 34. Qxc6+ 1-0

[Event "Late-Titled-Tuesday-Blitz-May-14-2024"]
[Site "Chess.com"]
[Date "2024.05.14"]
[Round "7"]
[White "th3d4rkness"]
[Black "Boninknights"]
[Result "0-1"]
[WhiteElo "2178"]
[BlackElo "2384"]
[TimeControl "180+1"]
[EndTime "15:15:51 PDT"]
[Termination "Boninknights won on time"]

1. e4 c5 2. Nc3 Nc6 3. Bb5 Nd4 4. Bc4 e6 5. f4 a6 6. a4 Nf6 7. d3 d5 8. Ba2 b5 9. Nf3 b4 10. Nxd4 cxd4 11. e5 dxc3 12. exf6 Qxf6 13. bxc3 Qxc3+ 14. Bd2 Qd4 15. a5 Bc5 16. Rf1 O-O 17. Rb1 e5 18. f5 Qh4+ 19. g3 Qxh2 20. Qf3 e4 21. dxe4 dxe4 22. Qxe4 Bd7 23. Kd1 Ba4 24. Bb3 Rad8 25. Qf4 Bb5 26. Re1 Bf2 27. Kc1 Bxe1 28. Bxe1 Rfe8 29. Kb2 Qe2 0-1

[Event "Late-Titled-Tuesday-Blitz-May-14-2024"]
[Site "Chess.com"]
[Date "2024.05.14"]
[Round "7"]
[White "FedaMaster"]
[Black "KebabJangles"]
[Result "0-1"]
[WhiteElo "2612"]
[BlackElo "2373"]
[TimeControl "180+1"]
[EndTime "15:15:52 PDT"]
[Termination "KebabJangles won by checkmate"]

1. d4 Nf6 2. c4 g6 3. h4 h6 4. Nc3 Bg7 5. Bf4 d6 6. Qd2 Nc6 7. O-O-O Nh5 8. Be3 e5 9. Nf3 exd4 10. Nxd4 Nxd4 11. Bxd4 O-O 12. Bxg7 Kxg7 13. g4 Bxg4 14.
Qd4+ Nf6 15. h5 Bxh5 16. Rxh5 gxh5 17. Bh3 c5 18. Rg1+ Kh8 19. Qf4 Nh7 20. Nd5 Rg8 21. Rxg8+ Qxg8 22. Qxd6 Rd8 23. Qxh6 Qg5+ 24. Qxg5 Nxg5 25.
Bf5 b6 26. f4 Ne6 27. e3 Kg7 28. Kd2 Nc7 29. e4 Nxd5 30. cxd5 Kf6 31. Bh3 Ke7 32. Ke3 f6 33. Be6 Kd6 34. Kf3 Rh8 35. Kg3 h4+ 36. Kh3 c4 37. Bg4 b5 38. Be2 a6 39. Bf1 Kc5 40. Kg4 Kd4 41. Bg2 b4 42. Kf5 c3 43. bxc3+ bxc3 44. Kxf6 c2 45. d6 c1=Q 46.
f5 Qf4 47. d7 Qd6+ 48. Kg5 Qxd7 49. Kf4 Qd6+ 50. Kg5 h3 51. Bf3 h2 52. f6 Ke5 53. f7 Qf6+ 54. Kg4 Qf4# 0-1

[Event "Late-Titled-Tuesday-Blitz-May-14-2024"]
[Site "Chess.com"]
[Date "2024.05.14"]
[Round "7"]
[White "MalcolmPein"]
[Black "shirovin"]
[Result "1-0"]
[WhiteElo "2319"]
[BlackElo "2103"]
[TimeControl "180+1"]
[EndTime "15:15:52 PDT"]
[Termination "MalcolmPein won by resignation"]

1. Nf3 Nf6 2. c4 g6 3. g3 d5 4.
Bg2 c6 5. b3 Bg7 6. Bb2 O-O 7.
O-O a5 8. d3 Bf5 9. Nbd2 a4 10.
bxa4 Qa5 11. cxd5 cxd5 12. Nb3 Qxa4 13. Ne5 Nc6 14. Qd2 Rfc8 15. Rfb1 Nb4 16. Nd4 Nc2 17.
Nxf5 gxf5 18. a3 Nxa1 19. Bxa1 Qc2 20. Qe1 Rxa3 21. Nf3 Rb3 22. Rd1 Qa2 23. Nd4 Rb4 24. Nxf5 Rc2 25. Qxb4 Rxe2 26. Nxe7+ Kh8 27. Qxb7 h6 28.
Qc8+ Kh7 29. Qf5+ Kh8 30. Bxf6 Qc2 31. Rf1 1-0